 Dungeon Crawl Stone Soup version 0.30.0-19-g36f170ea60 (webtiles) character file.

Game seed: 11529134139382756693

4748 EC1 the Basher (level 10, -5/77 HPs)
             Began as a Human Fighter on June 1, 2023.
             Was a Follower of the Shining One.
             Slain by Erica
             ... wielding a +0 scimitar of flaming
              (9 damage)
             ... on level 8 of the Dungeon.
             The game lasted 00:23:39 (8638 turns).

EC1 the Basher (Human Fighter)                      Turns: 8638, Time: 00:23:39

Health: -5/77      AC: 18    Str: 21    XL:     10   Next: 74%
Magic:  10/10      EV:  7    Int:  6    God:    the Shining One [*.....]
Gold:   255        SH:  5    Dex: 13    Spells: 9/9 levels left

rFire   + . .        L - +3 halberd
rCold   . . .        (shield currently unavailable)
rNeg    . . .        z - +0 plate armour
rPois   .            (no helmet)
rElec   .            o - +2 cloak
rCorr   .            m - +1 pair of gloves
SInv    .            (no boots)
Will    .....        s - amulet of reflection Stlth
                     A - ring of fire
HPRegen 0.32/turn    j - ring of protection from cold
MPRegen 0.12/turn

%: reflection
@: lethally poisoned (-5 -> -7), slowed, glowing, very slow
A: dopey 1
a: Renounce Religion, Divine Shield


You were on level 8 of the Dungeon.
You worshipped the Shining One.
The Shining One was aware of your devotion.
You visited 2 branches of the dungeon, and saw 9 of its levels.

You collected 340 gold pieces.
You spent 85 gold pieces at shops.

Inventory:

Hand Weapons
 a - a +0 war axe
 e - a +1 dagger of flaming
 g - a +0 sling
 n - a +0 battleaxe
 p - a +0 hammer
 u - a +3 scimitar
 v - a +2 falchion of electrocution
 w - a +0 dire flail
 x - a +0 arbalest
 B - a +4 quarterstaff of chaos
 G - a +2 dagger of electrocution
 K - a +2 dagger of protection
 L - a +3 halberd (weapon)
 N - a +3 trident
Armour
 b - a +0 scale mail
 c - a +0 buckler
 m - a +1 pair of gloves (worn)
 o - a +2 cloak (worn)
 y - the +4 leather armour of the Alphagorgon {Contam rPois rCorr Dex+8}
   (You found it on level 5 of the Dungeon)

   Dex:       It affects your dexterity (+8).
   rPois:     It protects you from poison.
   Contam:    It causes magical contamination when unequipped.
   rCorr:     It protects you from acid and corrosion.
 z - a +0 plate armour (worn)
 E - an orb of guile
Jewellery
 i - a ring of wizardry
 j - a ring of protection from cold (right hand)
 q - an amulet of magic regeneration
 s - an amulet of reflection (around neck)
 A - a ring of fire (left hand)
 C - a ring of see invisible
 D - a ring of protection from cold
Wands
 F - a wand of flame (48)
 H - a wand of acid (3)
 J - a wand of iceblast (15)
Scrolls
 f - 6 scrolls of identify
 l - 6 scrolls of teleportation
 t - 2 scrolls of magic mapping
 M - a scroll of butterflies {unknown}
Potions
 d - 4 potions of might
 h - 5 potions of brilliance
 k - 3 potions of resistance
 r - 3 potions of curing
Miscellaneous
 I - a piece from Xom's chessboard (15/15)


   Skills:
 + Level 6.4 Fighting
 + Level 6.9(8.7) Axes
 + Level 8.1(9.3) Maces & Flails
 + Level 0.7(4.3) Polearms
 + Level 7.0 Armour
 + Level 2.1 Dodging
 + Level 1.1 Stealth
 + Level 6.1 Shields
 + Level 2.0 Evocations


You had 9 spell levels left.
You didn't know any spells.
Your spell library contained the following spells:

 Spells                   Type           Power      Damage    Failure   Level
 Sublimation of Blood     Necr           0%         N/A       100%        2
 Petrify                  Tmut/Erth      0%         N/A       100%        4
 Irradiate                Conj/Tmut      0%         3d11      100%        5
 Chain Lightning          Conj/Air       0%         N/A       100%        9
 Fire Storm               Conj/Fire      0%         5d1       100%        9
 Shatter                  Erth           0%         3d5*      100%        9


Dungeon Overview and Level Annotations

Branches:
Dungeon (8/15)             Temple (1/1) D:6            Lair (0/5) D:8

Altars:
Ashenzari
Cheibriados
Dithmenos
Elyvilon
Fedhas
Gozag
Makhleb
Nemelex Xobeh
Okawaru
Qazlal
Ru
Sif Muna
Trog
Uskayaw
Vehumet
Wu Jian
Xom
Yredelemnul
Zin
The Shining One

Shops:
D:2 =*(   D:6 ?

Annotations:
D:8 Erica


Innate Abilities, Weirdness & Mutations

You are dopey. (Int -2)


Message History

You hit Erica.
Erica is lightly wounded.
Erica casts a spell at you. The lance of force hits you!!
You are knocked back by the lance of force.
You hit Erica.
Erica is lightly wounded.
Erica barely misses you.
You puncture Erica!
Erica is moderately wounded.
Erica points at you and mumbles some strange words.
You feel yourself slow down.
Erica points at you and mumbles some strange words.
The bolt of poison hits you.
You are poisoned.
You puncture Erica!
Erica is heavily wounded.
You feel extremely sick. Erica barely misses you.
You hit Erica.
Erica is heavily wounded.
You feel very sick.
Erica hits you with a +0 scimitar of flaming.
* * * LOW HITPOINT WARNING * * *
Erica burns you.
* * * LOW HITPOINT WARNING * * *
Erica casts a spell at you. You resist with significant effort.
You puncture Erica!
Erica is heavily wounded.
You feel sick. You block Erica's attack. Erica hits you but does no damage.
You hit Erica.
Erica is severely wounded.
You feel sick.
Erica hits you with a +0 scimitar of flaming!
* * * LOW HITPOINT WARNING * * *
Erica burns you.
* * * LOW HITPOINT WARNING * * *
Erica hits you with a +0 scimitar of flaming!
You die...

...# ##†##..# #. .o.#
##...#### #. .o.# ##.....##
## ...# #..P.P..#
.o.########.P.....##
...l..l.##.........#
>..F...............###
..............>....[.#
.........#....†@@..#.######
..........................#
..........#.......#.......##
.........##..P....#........#
.........###.....##........#
.......$.# ##...###........#
##.#...........#
#.............# ..
###...........#


You could see Erica (invisible).

Vanquished Creatures
  The ghost of ymhsbmbesitwf the Sneak, a novice FoEn (D:5)
  Maurice (D:8)
  Joseph (D:7)
  A troll (D:8)
  4 yaks (D:8)
  Grum (D:8)
  A steam dragon (D:8)
  An acid dragon (D:6)
  A water moccasin (D:7)
  Duvessa (D:7)
  A black bear (D:6)
  2 ice beasts
  An orc warrior (D:8)
  3 wolves (D:8)
  A kobold brigand (D:6)
  4 bullfrogs
  2 scorpions
  4 wights (D:8)
  Dowan (D:7)
  4 howler monkeys
  4 hounds
  6 orc priests
  A water moccasin simulacrum (D:5)
  2 iguanas
  Crazy Yiuf (D:2)
  A sleepcap (D:5)
  5 orc wizards
  3 bullfrog simulacra (D:5)
  A gnoll (D:1)
  7 adders
  A hound simulacrum (D:5)
  A shadow imp (D:8)
  A white imp (D:6)
  4 worms
  3 dart slugs
  24 orcs
  5 endoplasms
  11 giant cockroaches
  5 goblins
  4 hobgoblins
  13 kobolds
  2 quokkas
  4 ball pythons
  5 bats
  4 frilled lizards
  6 rats
160 creatures vanquished.

Notes
Turn   | Place    | Note
-------+----------+-------------------------------------------
     0 | D:1      | EC1 the Human Fighter began the quest for the Orb.
     0 | D:1      | Reached XP level 1. HP: 18/18 MP: 1/1
    77 | D:1      | Reached XP level 2. HP: 24/24 MP: 2/2
   416 | D:1      | Reached XP level 3. HP: 10/29 MP: 3/3
   926 | D:2      | Reached XP level 4. HP: 23/35 MP: 4/4
  1016 | D:2      | Found Ohejuri's Weapon Shoppe.
  1086 | D:2      | Found Utetouwn's Jewellery Shop.
  1175 | D:2      | Found Venot's General Store.
  1193 | D:2      | Bought a scroll of teleportation for 33 gold pieces
  1243 | D:2      | Found a runed translucent door.
  1244 | D:2      | Noticed Crazy Yiuf
  1400 | D:2      | Killed Crazy Yiuf
  1593 | D:3      | Reached XP level 5. HP: 39/41 MP: 5/5
  1954 | D:3      | Reached skill level 1 in Dodging
  2262 | D:3      | Reached XP level 6. HP: 41/48 MP: 6/6
  2475 | D:3      | Found a burning altar of Makhleb.
  2475 | D:3      | Noticed a cacodemon
  2479 | D:3      | Noticed a hellwing
  2479 | D:3      | Noticed a ynoxinul
  3493 | D:5      | Entered Level 5 of the Dungeon
  3573 | D:5      | Reached XP level 7. HP: 49/53 MP: 7/7
  3822 | D:5      | Found an iron altar of Okawaru.
  3896 | D:5      | Identified the +4 leather armour of the Alphagorgon {Contam
                  | rPois rCorr Dex+8}
  4097 | D:5      | Found a runed translucent gate.
  4097 | D:5      | Found a runed translucent gate.
  4097 | D:5      | Found a runed translucent gate.
  4141 | D:5      | Noticed ymhsbmbesitwf's ghost (novice FoEn)
  4201 | D:5      | Gained mutation: You are dopey. (Int -2) [mutagenic glow]
  4215 | D:5      | Reached skill level 1 in Maces & Flails
  4251 | D:5      | Killed ymhsbmbesitwf's ghost
  4252 | D:5      | Reached skill level 4 in Maces & Flails
  4252 | D:5      | Reached skill level 1 in Stealth
  4252 | D:5      | Reached XP level 8. HP: 60/60 MP: 8/8
  4661 | D:5      | Reached skill level 5 in Maces & Flails
  4783 | D:6      | Found a blossoming altar of Fedhas.
  4795 | D:6      | Found a stormy altar of Qazlal.
  4832 | D:6      | Found a staircase to the Ecumenical Temple.
  4838 | Temple   | Entered the Ecumenical Temple
  5193 | Temple   | Became a worshipper of the Shining One
  5415 | D:6      | Found Witt's Magic Scroll Shop.
  5425 | D:6      | Bought a scroll of identify for 26 gold pieces
  5425 | D:6      | Bought a scroll of identify for 26 gold pieces
  5526 | D:6      | Reached XP level 9. HP: 67/67 MP: 9/9
  5632 | D:6      | Reached skill level 6 in Maces & Flails
  5632 | D:6      | Reached skill level 5 in Armour
  5769 | D:6      | Reached skill level 1 in Evocations
  5911 | D:6      | Found a shadowy altar of Dithmenos.
  6004 | D:7      | Reached skill level 5 in Fighting
  6126 | D:7      | Noticed Joseph
  6130 | D:7      | Found a white marble altar of Elyvilon.
  6151 | D:7      | Killed Joseph
  6152 | D:7      | Reached skill level 7 in Maces & Flails
  6152 | D:7      | Reached skill level 5 in Shields
  6345 | D:7      | Noticed Duvessa
  6345 | D:7      | Noticed Dowan
  6356 | D:7      | Killed Duvessa
  6365 | D:7      | Killed Dowan
  7229 | D:8      | Noticed Grum
  7260 | D:8      | HP: 2/69 [Grum/+1 spear (6)]
  7492 | D:8      | Reached XP level 10. HP: 73/76 MP: 10/10
  7543 | D:8      | Found a sparkling altar of Nemelex Xobeh.
  7560 | D:8      | Reached skill level 5 in Axes
  7560 | D:8      | Reached skill level 8 in Maces & Flails
  7754 | D:8      | Noticed Maurice
  7774 | D:8      | Killed Maurice
  7844 | D:8      | Reached * piety under the Shining One
  7881 | D:8      | Found a staircase to the Lair.
  7913 | D:8      | Noticed Erica
  7921 | D:8      | HP: 2/77 [poisoned by Erica (bolt of poison)]
  8400 | D:8      | Killed Grum
  8638 | D:8      | Slain by Erica

Illustrated notes

Levels and vault maps discovered:
D:1:      onia_arrival_pyramid, layout_basic
D:2:      layout_rooms, serial_shops, nicolae_shop_bloodbath_and_beyond,
          nicolae_diamond_shop, shop, uniq_crazy_yiuf_cottage
D:3:      minmay_roachtagon, layout_basic, makhleb_altar_promises_db,
          minmay_misc_feat_ornament
D:4:      layout_basic
D:5:      layout_basic, mainiacjoe_overflow_small_starburst, gammafunk_ghost_icy
D:6:      layout_basic, grunt_temple_overflow_forces_of_nature, kennysheep_mini,
          minmay_temple_entry_nine_rooms, serial_shops, shop_fountains,
          eino_small_chamber_without_monster, hellmonk_bongcloud_opening
D:7:      layout_layer_cave, mainiacjoe_overflow_alcove_1, eino_tiny_chamber,
          uniq_duvessa, uniq_joseph
D:8:      layout_cave_pods, lemuel_doored_altar, david_lair_generic, uniq_grum,
          uniq_erica, uniq_maurice
Temple:   nicolae_temple_figure_eight

Skill      XL: |  1  2  3  4  5  6  7  8  9 10 |
---------------+-------------------------------+-----
Axes           | 3 4 6 |  6.9
Armour         | 4 6 7 |  7.0
Dodging        | 1 2 |  2.1
Shields        | 4 5 6 |  6.1
Maces & Flails | 4 5 7 8 |  8.1
Fighting       | 4 5 6 |  6.4
Stealth        | 1 |  1.1
Evocations     | 2 |  2.0
Polearms       | |  0.7

Action                     |  1- 3 |  4- 6 |  7- 9 | 10-12 || total
---------------------------+-------+-------+-------+-------++-------
  Melee: War axe           |    66 |   183 |     9 |    73 ||   331
         Dire flail        |       |       |   317 |       ||   317
         Halberd           |       |       |       |    42 ||    42
  Evoke: Wand              |       |       |     6 |       ||     6
    Use: Scroll            |     3 |     8 |     3 |     1 ||    15
         Potion            |       |     6 |     9 |     3 ||    18
 Armour: Scale mail        |    44 |    71 |    33 |       ||   148
         Plate armour      |       |       |   215 |    63 ||   278
         Leather armour    |       |       |     3 |       ||     3
  Dodge: Dodged            |    32 |    56 |   122 |    36 ||   246
  Block: Buckler           |    16 |    70 |     5 |    47 ||   138
         Other             |       |       |    82 |     8 ||    90
         Reflection        |       |       |     2 |       ||     2
